 Dungeon Crawl Stone Soup version 0.31-a0-662-g684573625c (webtiles) character file.

Game seed: 14532624393548393076

45506 2FriedEggs the Metamorph (level 14, 126/126 HPs)
             Began as a Merfolk Shapeshifter on Aug 16, 2023.
             Was the Champion of Cheibriados.
             Quit the game on level 5 of the Lair of Beasts on Sept 1, 2023.
             The game lasted 00:34:32 (13880 turns).

2FriedEggs the Metamorph (Merfolk Shapeshifter)    Turns: 13880, Time: 00:34:32

Health: 126/126    AC: 12    Str: 34    XL:     14   Next: 33%
Magic:  24/24      EV: 18    Int: 23    God:    Cheibriados [******]
Gold:   2328       SH:  0    Dex: 30    Spells: 8/13 levels left

rFire   . .          .
                       - Unarmed
rCold   . . .        (shield currently unavailable)
rNeg    . . .        t - +2 ring mail {Will+}
rPois   .            (no helmet)
rElec   .            V - +2 cloak {rCorr}
rCorr   +            (gloves currently unavailable)
SInv    .            (no boots)
Will    ++...        s - amulet of regeneration
Stlth   ++           m - +4 ring of protection
HPRegen 1.21/turn    O - +5 ring of evasion
MPRegen 0.19/turn

%: no passive effects
@: blade hands, very slow
A: (nimble swimmer 2), mertail, robust 1
a: Begin Untransformation, Renounce Religion, Bend Time, Temporal Distortion,
Slouch, Step From Time


You were on level 5 of the Lair of Beasts.
You worshipped Cheibriados.
Cheibriados was exalted by your worship.
You had blades for hands.
You visited 2 branches of the dungeon, and saw 16 of its levels.
You also visited: Sewer.

You collected 2328 gold pieces.

Inventory:

Missiles
 p - 3 silver javelins
Armour
 t - a +2 ring mail of willpower (worn)
 D - a +1 ring mail of fire resistance
 Q - a +0 cloak of willpower
 V - a +2 cloak of preservation (worn)
Jewellery
 m - a +4 ring of protection (left blade hand)
 r - a +6 ring of strength
 s - an amulet of regeneration (around neck)
 F - a ring of wizardry
 L - a ring of willpower
 N - a ring of see invisible
 O - a +5 ring of evasion (right blade hand)
 P - a ring of resist corrosion
 T - a ring of flight
Talismans
 d - a flux talisman
 w - a blade talisman (active)
Wands
 n - a wand of iceblast (51)
 o - a wand of charming (10)
 y - a wand of flame (31)
 z - a wand of digging (8)
 W - a wand of quicksilver (5)
Scrolls
 e - 2 scrolls of enchant weapon
 j - 7 scrolls of poison
 k - 5 scrolls of teleportation
 l - 5 scrolls of blinking
 q - 3 scrolls of fog
 x - 3 scrolls of immolation
 C - a scroll of brand weapon
 I - 4 scrolls of enchant armour
 M - 3 scrolls of fear
 R - 2 scrolls of vulnerability
 U - a scroll of revelation
 Z - 3 scrolls of silence
Potions
 b - 2 potions of lignification
 f - 3 potions of mutation
 g - 5 potions of brilliance
 i - 5 potions of ambrosia
 u - 6 potions of curing
 v - 4 potions of might
 A - a potion of berserk rage
 B - a potion of invisibility
 E - 3 potions of enlightenment
 J - 4 potions of heal wounds
 K - 4 potions of attraction
 X - a potion of magic
 Y - a potion of resistance
Miscellaneous
 S - a lightning rod (4/4)


   Skills:
 - Level 12.0 Fighting
 - Level 2.6 Dodging
 * Level 14.4 Unarmed Combat
 - Level 13.8 Invocations
 * Level 15.8 Shapeshifting


You had 8 spell levels left.
You knew the following spells:

 Your Spells              Type           Power      Damage    Failure   Level
a - Silence               Hex/Air        0%         N/A       99%         5

Your spell library contained the following spells:

 Spells                   Type           Power      Damage    Failure   Level
 Necrotise                Necr           0%         1d4       22%         1
 Cigotuvi's Dreadful Rot  Necr/Pois/Air  0%         N/A       32%         2
 Dazzling Flash           Conj/Hex       0%         N/A       54%         3
 Inner Flame              Hex/Fire       0%         N/A       54%         3
 Vampiric Draining        Necr           0%         2d6       54%         3
 Dispel Undead            Necr           0%         3d6       91%         4
 Flame Wave               Conj/Fire      0%         2d4       91%         4
 Manifold Assault         Tloc           0%         N/A       91%         4
 Sticky Flame             Conj/Fire      0%         2d3       91%         4
 Vhi's Electric Charge    Tloc/Air       0%         N/A       91%         4
 Agony                    Necr           0%         N/A       99%         5
 Arcjolt                  Conj/Air       0%         1d10      99%         5
 Death Channel            Necr           0%         N/A       100%        6
 Dispersal                Tloc           0%         N/A       100%        6
 Disjunction              Tloc           0%         N/A       100%        8
 Maxwell's Capacitive Co  Air            0%         ∞         100%        8


Dungeon Overview and Level Annotations

Branches:
Dungeon (11/15)            Temple (0/1) D:4            Lair (5/5) D:11
  Swamp (0/4) Lair:3        Snake (0/4) Lair:3        Slime (0/5) Lair:5
    Orc (0/2) D:10          Sewer (visited)

Altars:
Ashenzari
Cheibriados
Dithmenos
Fedhas
Gozag
Kikubaaqudgha
Makhleb
Nemelex Xobeh
Okawaru
Qazlal
Sif Muna
Uskayaw
Vehumet
Wu Jian
Xom
Jiyva

Annotations:
D:3 1 runed translucent door, liarliar's ghost, amateur DsNe
D:5 1 runed translucent door, Crazy Yiuf


Innate Abilities, Weirdness & Mutations

You have blades for hands.
You are incapable of wielding weapons or throwing items.
((You are very nimble when in or above water. (Stealth+, EV+, Speed+++)))
Your lower body shifts to a powerful aquatic tail in water.
You are robust. (+10% HP)


Message History

You shred the meliai!!!
You kill the meliai!
Cheibriados thoroughly appreciates the change of pace.
You closely miss the basilisk. The basilisk barely misses you.
You hit the basilisk.
The basilisk is lightly wounded.
The basilisk misses you.
You completely miss the basilisk.
The basilisk is lightly wounded.
The basilisk misses you.
You slice the basilisk!!
The basilisk is severely wounded.
You slice the basilisk!!
You kill the basilisk!
Cheibriados appreciates the change of pace.
No target in view!
No target in view!
A black mamba comes into view.
A black mamba is nearby!
A black mamba is nearby!
A black mamba is nearby!
A komodo dragon comes into view.
Found a potion of mutation.
A killer bee comes into view.
A killer bee comes into view.
The killer bee buzzes angrily.
The black mamba hisses angrily.
The killer bee buzzes angrily. x2; You hear an angry buzzing noise.
You hear a bellow!
You hear an angry buzzing noise.
You hear a bellow! x2
You hear an angry buzzing noise.
A killer bee comes into view. x2; A queen bee comes into view.
The black mamba barely misses you.
The killer bee moves out of view.
You hear an angry buzzing noise.
Your Shapeshifting skill increases to level 15!
Welcome back, 2FriedEggs the Merfolk Shapeshifter.
Cheibriados says: Take it easy.
Press ? for a list of commands and other information.
Welcome back, 2FriedEggs the Merfolk Shapeshifter.
Cheibriados says: Take it easy.
Press ? for a list of commands and other information.
Are you sure you want to abandon this character and quit the game? (Confirm with "yes".)

...................
...#~#P............
...~≈≈~†...........
..#≈≈~†..<.........
#.~~≈~~[...........
#..~≈≈.............
#..~~~~.......)....
#.P~~..............
..........@........
..##..#...S........
## ###......y.....!
#P......yy.......# .#
#................##..
#.................Y..
#.................. !
#..##.....yyy.......
... ..Y.#.#..


You could see a black mamba, a queen bee (wandering) and 5 killer bees.

Vanquished Creatures
  5 centaur warriors
  A hydra (D:8)
  5 two-headed ogres
  4 death yaks (Lair:1)
  Sonja (D:10)
  Nergalle (Lair:2)
  2 skysharks (Lair:3)
  2 skeletal warriors (D:10)
  An orc knight (D:10)
  2 cyclopes
  4 ugly things
  2 manticores
  3 black mambas
  A guardian serpent (Lair:3)
  3 cane toads
  A torpor snail (Lair:2)
  Maurice (D:11)
  9 elephants
  A gargoyle (D:8)
  A yaktaur (D:10)
  Maggie (Lair:2)
  A tengu conjurer (D:8)
  2 kobold demonologists
  2 efreet (D:10)
  11 komodo dragons
  A komodo dragon (shapeshifter) (D:10)
  3 meliai
  6 trolls
  3 polar bears (Lair:3)
  A hornet (D:10)
  4 blink frogs (Lair:1)
  Sigmund (D:3)
  A slime creature (D:10)
  4 wraiths
  32 yaks
  2 humans (D:9)
  8 wyverns
  A steam dragon (D:8)
  2 basilisks
  2 acid dragons
  3 water moccasins
  10 orc warriors
  A swamp drake (D:10)
  A sky beast (D:6)
  4 ice beasts
  2 black bears
  3 ogres
  4 centaurs
  22 wolves
  A phantom (D:5)
  2 kobold brigands
  5 gnoll sergeants
  4 scorpions
  11 bullfrogs
  4 wights (D:10)
  6 killer bees (D:7)
  3 howler monkeys
  2 vampire bats (D:5)
  2 electric eels
  2 hounds
  15 orc priests
  2 jellies
  A sleepcap (D:6)
  2 iguanas
  21 orc wizards
  19 gnolls
  3 river rats (D:5)
  11 adders
  2 white imps
  An ufetubus (D:4)
  2 worms (D:5)
  A dart slug (D:4)
  46 orcs
  11 bats
  8 endoplasms
  8 giant cockroaches
  4 goblins
  6 hobgoblins
  3 jackals (D:1)
  4 quokkas
  12 ball pythons
  8 frilled lizards
  14 kobolds
  7 rats
441 creatures vanquished.

Vanquished Creatures (others)
  A gnoll (D:8)
  A kobold (D:8)
2 creatures vanquished.

Grand Total: 443 creatures vanquished

Notes
Turn   | Place    | Note
-------+----------+-------------------------------------------
     0 | D:1      | 2FriedEggs the Merfolk Shapeshifter began the quest for the
                  | Orb.
     0 | D:1      | Reached XP level 1. HP: 15/15 MP: 1/1
   206 | D:1      | Reached XP level 2. HP: 4/21 MP: 2/2
   810 | D:2      | Reached XP level 3. HP: 27/27 MP: 3/3
  1131 | D:2      | Found a faded altar of an unknown god.
  1202 | D:2      | Prayed at the altar of an unknown god.
  1202 | D:2      | Became a worshipper of Cheibriados the Contemplative
  1202 | D:2      | Reached * piety under Cheibriados
  1535 | D:3      | Noticed Sigmund
  1541 | D:3      | Reached XP level 4. HP: 27/34 MP: 4/4
  1545 | D:3      | Gained mutation: You are robust. (+10% HP) [potion of
                  | mutation]
  1681 | D:3      | Noticed a scorpion
  1694 | D:3      | Killed a scorpion
  1695 | D:3      | Reached skill level 5 in Shapeshifting
  1695 | D:3      | Reached XP level 5. HP: 42/45 MP: 5/5
  1785 | D:3      | Reached ** piety under Cheibriados
  1880 | D:3      | Killed Sigmund
  1881 | D:3      | Reached skill level 5 in Unarmed Combat
  1881 | D:3      | Reached skill level 1 in Invocations
  1881 | D:3      | Reached XP level 6. HP: 13/52 MP: 6/6
  2064 | D:3      | Found a runed translucent door.
  2445 | D:3      | Noticed liarliar's ghost (amateur DsNe)
  2533 | D:4      | Found an opulent altar of Gozag.
  2643 | D:4      | Reached skill level 6 in Shapeshifting
  2643 | D:4      | Reached XP level 7. HP: 60/60 MP: 8/8
  2651 | D:4      | Found a staircase to the Ecumenical Temple.
  3286 | D:4      | Reached *** piety under Cheibriados
  3287 | D:4      | Reached skill level 5 in Fighting
  3528 | D:4      | Found a stormy altar of Qazlal.
  3574 | D:5      | Entered Level 5 of the Dungeon
  3613 | D:5      | Reached XP level 8. HP: 66/69 MP: 9/9
  3641 | D:5      | Found a glowing drain.
  3647 | Sewer    | Entered a sewer
  3757 | Sewer    | Reached **** piety under Cheibriados
  3763 | Sewer    | Reached skill level 7 in Shapeshifting
  4176 | D:5      | Found a radiant altar of Vehumet.
  4342 | D:5      | Found a runed translucent door.
  4343 | D:5      | Noticed Crazy Yiuf
  4758 | D:6      | Found a blossoming altar of Fedhas.
  4991 | D:6      | Reached ***** piety under Cheibriados
  4992 | D:6      | Reached skill level 8 in Shapeshifting
  4992 | D:6      | Reached XP level 9. HP: 54/79 MP: 10/10
  5108 | D:6      | Found an ornate altar of the Wu Jian Council.
  5289 | D:6      | Found a burning altar of Makhleb.
  5290 | D:6      | Found a sparkling altar of Nemelex Xobeh.
  5467 | D:6      | Found an ancient bone altar of Kikubaaqudgha.
  5589 | D:7      | Found a shimmering altar of Xom.
  5590 | D:7      | Found a shimmering altar of Xom.
  5590 | D:7      | Found a shimmering altar of Xom.
  5590 | D:7      | Found a shimmering altar of Xom.
  5590 | D:7      | Found a shimmering altar of Xom.
  5592 | D:7      | Found a shimmering altar of Xom.
  5592 | D:7      | Found a shimmering altar of Xom.
  5764 | D:7      | Noticed a polar bear
  5771 | D:7      | a yak changed into a black mamba
  5771 | D:7      | Noticed a black mamba (shapeshifter)
  5795 | D:7      | Noticed a cane toad
  5799 | D:7      | Noticed a salamander
  5813 | D:7      | a shapeshifter changed into a manticore
  5813 | D:7      | Noticed a manticore (shapeshifter)
  5843 | D:7      | Reached skill level 9 in Shapeshifting
  6058 | D:8      | Noticed a two-headed ogre
  6061 | D:8      | Killed a two-headed ogre
  6062 | D:8      | Reached XP level 10. HP: 85/90 MP: 11/11
  6270 | D:8      | Noticed a centaur warrior
  6276 | D:8      | Killed a centaur warrior
  6277 | D:8      | Reached skill level 10 in Shapeshifting
  6330 | D:8      | Noticed a brown ugly thing
  6334 | D:8      | Killed a brown ugly thing
  6335 | D:8      | Reached skill level 10 in Unarmed Combat
  6373 | D:8      | Noticed a gargoyle
  6379 | D:8      | Killed a gargoyle
  6524 | D:8      | Noticed a cyclops
  6527 | D:8      | Killed a cyclops
  6528 | D:8      | Reached skill level 10 in Fighting
  6534 | D:8      | Noticed a centaur warrior
  6552 | D:8      | Noticed a manticore
  6555 | D:8      | Killed a manticore
  6561 | D:8      | Killed a centaur warrior
  6562 | D:8      | Reached skill level 11 in Shapeshifting
  6562 | D:8      | Reached XP level 11. HP: 69/101 MP: 12/12
  6588 | D:8      | Noticed a six-headed hydra
  6593 | D:8      | Killed a six-headed hydra
  6593 | D:8      | Noticed a centaur warrior
  6596 | D:8      | Killed a centaur warrior
  7035 | D:8      | Noticed a two-headed ogre
  7037 | D:8      | Killed a two-headed ogre
  7216 | D:8      | Reached ****** piety under Cheibriados
  7425 | D:9      | Found an iron altar of Okawaru.
  7862 | D:9      | Found a broken altar of Ashenzari.
  8035 | D:9      | Found a shadowy altar of Dithmenos.
  8083 | D:10     | Entered Level 10 of the Dungeon
  8125 | D:10     | Found a hide-covered altar of Uskayaw.
  8187 | D:10     | Identified the +1 whip of Zoff {flame, rElec MP+9 Dex-3}
  8188 | D:10     | Noticed a two-headed ogre
  8188 | D:10     | Noticed a skeletal warrior
  8191 | D:10     | Noticed a manticore
  8192 | D:10     | Reached skill level 5 in Invocations
  8192 | D:10     | Noticed a centaur warrior
  8338 | D:10     | Noticed a centaur warrior
  8340 | D:10     | Killed a centaur warrior
  8407 | D:10     | Killed a centaur warrior
  8408 | D:10     | Reached XP level 12. HP: 77/110 MP: 17/17
  8606 | D:10     | Paralysed by a hornet for 3 turns
  8610 | D:10     | Reached skill level 10 in Invocations
  8729 | D:10     | Noticed Sonja
  8738 | D:10     | Killed Sonja
  9057 | D:10     | Found a staircase to the Orcish Mines.
  9145 | D:10     | Killed a two-headed ogre
  9810 | D:11     | Noticed a two-headed ogre
  9820 | D:11     | Killed a two-headed ogre
  9824 | D:11     | Reached XP level 13. HP: 28/116 MP: 16/22
  9914 | D:11     | Noticed Maurice
  9923 | D:11     | Killed Maurice
 10125 | D:11     | Found a shimmering blue altar of Sif Muna.
 10237 | D:11     | Reached skill level 12 in Shapeshifting
 10369 | D:11     | Found a staircase to the Lair.
 10522 | Lair:1   | Entered Level 1 of the Lair of Beasts
 11101 | Lair:2   | Noticed Nergalle
 11112 | Lair:2   | Killed Nergalle
 11201 | Lair:2   | Reached skill level 13 in Shapeshifting
 11247 | Lair:2   | Noticed Maggie
 11252 | Lair:2   | Killed Maggie
 11872 | Lair:3   | Learned a level 5 spell: Silence
 11931 | Lair:3   | Reached XP level 14. HP: 120/126 MP: 24/24
 11960 | Lair:3   | Identified the +2 sling of Uskaleum {heavy, Dex+3}
 11969 | Lair:3   | Found a staircase to the Snake Pit.
 12220 | Lair:3   | Reached skill level 14 in Shapeshifting
 12264 | Lair:3   | Found a staircase to the Swamp.
 13003 | Lair:3   | Upgraded the game from 0.31-a0-557-g6e16503903 to
                  | 0.31-a0-564-g3b7de120b3
 13003 | Lair:3   | Upgraded the game from 0.31-a0-564-g3b7de120b3 to
                  | 0.31-a0-574-g69dc8cc98e
 13780 | Lair:5   | Entered Level 5 of the Lair of Beasts
 13827 | Lair:5   | Found a viscous altar of Jiyva.
 13827 | Lair:5   | Found a staircase to the Slime Pits.
 13880 | Lair:5   | Reached skill level 15 in Shapeshifting
 13880 | Lair:5   | Upgraded the game from 0.31-a0-574-g69dc8cc98e to
                  | 0.31-a0-620-gd1cbd99268
 13880 | Lair:5   | Upgraded the game from 0.31-a0-620-gd1cbd99268 to
                  | 0.31-a0-662-g684573625c
 13880 | Lair:5   | Quit the game

Illustrated notes

Levels and vault maps discovered:
D:1:      evilmike_arrival_rings, layout_basic
D:2:      layout_loops_ring, shapermc_ecumenical_altar_totnotflames,
          corexii_hall_statues_u
D:3:      layout_basic, ebering_ghost_inner_flame, uniq_sigmund
D:4:      layout_layer_cave, mainiacjoe_overflow_brackets, kennysheep_mini_moat,
          minmay_temple_entry_slanted, serial_bayou, serial_bayou_lagoon_a,
          serial_bayou_shore_a, serial_bayou_crossing, serial_bayou_lagoon_b
D:5:      layout_cave_pools, mainiacjoe_overflow_six_doors_small,
          lightli_sewer_entry_pipes, roderic_batcave, uniq_crazy_yiuf_cottage
D:6:      layout_basic, nicolae_overflow_hidden_temple,
          pdpol_wu_jian_five_deadly_venoms, kennysheep_small_circle
D:7:      layout_gridville, xom_shifter_show
D:8:      layout_gridville, minmay_evil_grid
D:9:      layout_loops_ring, nicolae_ashenzari_skybound,
          lemuel_coloured_pillars_altar, okawaru_humans, minivault_4,
          chequers_serial_rivers_room_b
D:10:     minmay_the_grid_square_5x5_4x4 [minmay_the_grid_square_5x5_misaligned,
          minmay_the_grid_square_5x5_n_small,
          minmay_the_grid_square_5x5_shrine1, minmay_the_grid_square_5x5_forky,
          minmay_the_grid_square_5x5_bridge,
          minmay_the_grid_square_5x5_prize_waves,
          minmay_the_grid_square_5x5_prize_itemx,
          minmay_the_grid_square_5x5_hollow_slash,
          minmay_the_grid_square_5x5_eight,
          minmay_the_grid_square_5x5_prize_gold,
          minmay_the_grid_square_5x5_prize_junk,
          minmay_the_grid_square_5x5_intrusive_squares,
          minmay_the_grid_square_5x5_shuriken,
          minmay_the_grid_square_5x5_checkered,
          minmay_the_grid_square_5x5_pentomino_r,
          minmay_the_grid_square_5x5_lines], layout_layer_cave,
          nicolae_overflow_crystal_walls, erik_orc_1, uniq_sonja
D:11:     layout_rooms, david_lair_shrubbed, dk_noncrumbling_2,
          kennysheep_orc_sif_temple, uniq_maurice
Lair:1:   layout_roguey, grunt_megastairs_3
Lair:2:   layout_cave_shapes, enter_volcano_2, uniq_nergalle, uniq_maggie
Lair:3:   layout_cave_pods, swamp_mist, minmay_snake_entry_spellcaster,
          cheibrodos_lair_lostbears, lemuel_fruit_tree
Lair:4:   layout_regular_city
Lair:5:   evilmike_catoblepas_cave, layout_gridlike, slime_entry_1,
          gammafunk_ghost_abyssal_escape, special_room [special_room_bee]

Skill      XL: |  1  2  3  4  5  6  7  8  9 10 11 12 13 14 |
---------------+-------------------------------------------+-----
Fighting       | 2 3 4 5 7 8 10 11 12 | 12.0
Unarmed Combat | 4 5 6 7 9 10 11 13 14 | 14.4
Shapeshifting  | 5 6 8 9 11 13 15 | 15.8
Invocations    | 1 7 13 | 13.8
Dodging        | |  2.6

Action                     |  1- 3 |  4- 6 |  7- 9 | 10-12 | 13-15 || total
---------------------------+-------+-------+-------+-------+-------++-------
  Melee: Unarmed           |    90 |    85 |   229 |   283 |   322 ||  1009
         Punch             |     1 |     3 |     9 |    24 |    33 ||    70
         Tailslap          |       |       |     4 |       |       ||     4
  Throw: Javelin           |     2 |     2 |       |       |       ||     4
 Invoke: Bend Time         |       |       |     1 |       |       ||     1
         Slouch            |       |       |       |     2 |       ||     2
    Use: Potion            |       |     5 |       |       |       ||     5
         Scroll            |       |     3 |     4 |    10 |     4 ||    21
   Stab: Sleeping          |       |       |     7 |     1 |     4 ||    12
         Distracted        |       |       |       |     2 |       ||     2
 Armour: Animal skin       |     8 |       |       |       |       ||     8
         Scale mail        |    34 |    38 |       |       |       ||    72
         Ring mail         |       |    13 |   103 |    79 |    73 ||   268
  Dodge: Dodged            |    80 |    44 |   203 |   261 |   273 ||   861
   Form: Blade             |       |       |     1 |       |       ||     1
         Flux              |       |       |     1 |       |       ||     1

Table legend: (Time is in decaauts)
 A = Elapsed time spent in this place.
 B = Non-inter-level travel time spent in this place.
 C = Inter-level travel time spent in this place.
 D = Time resting spent in this place.
 E = Time spent auto-exploring this place.
 F = Levels seen in this place.
 G = Mean time per level.
                   A        B        C        D        E       F      G
               +--------+--------+--------+--------+--------+-----+--------+
         Total |  21329 |  20481 |    848 |   1526 |  15896 |  17 | 1254.6 |
       Dungeon |  15161 |  14584 |    577 |   1353 |  10952 |  11 | 1378.3 |
          Lair |   5935 |   5664 |    271 |    173 |   4858 |   5 | 1187.0 |
         Sewer |    232 |    232 |      0 |      0 |     85 |   1 |  232.0 |
               +--------+--------+--------+--------+--------+-----+--------+

Top non-repeatable levels by time:
    D:10: 2818 daAuts
  Lair:3: 2160 daAuts
     D:8: 1959 daAuts
  Lair:4: 1584 daAuts
     D:4: 1547 daAuts
     D:5: 1440 daAuts
     D:9: 1325 daAuts
     D:6: 1263 daAuts
    D:11: 1183 daAuts
  Lair:2: 1143 daAuts
     D:3: 1087 daAuts
  Lair:1: 1008 daAuts
     D:2: 947 daAuts
     D:7: 806 daAuts
     D:1: 781 daAuts
